 Dungeon Crawl Stone Soup version 0.18.1-8-gdd0e5ea (webtiles) character file.

210 Murtagy the Shield-Bearer (level 5, -3/33 HPs)
             Began as a Gargoyle Fighter on June 2, 2016.
             Was a Believer of Makhleb.
             Slain by an orc
             ... wielding a +0 trident
              (4 damage)
             ... on level 3 of the Dungeon.
             The game lasted 00:13:44 (3719 turns).

Murtagy the Shield-Bearer (Gargoyle Fighter)        Turns: 3719, Time: 00:13:45

Health: -3/33      AC: 11    Str: 20    XL:     5   Next: 87%
Magic:  5/5        EV:  8    Int:  9    God:    Makhleb [**....]
Gold:   143        SH:  9    Dex:  9    Spells: 0 memorised, 4 levels left

rFire  . . .     SeeInvis .     a - +0 war axe
rCold  . . .     Gourm    .     b - +0 scale mail
rNeg   + + .     Faith    .     c - +0 shield
rPois  ∞         Spirit   .     (no helmet)
rElec  +         Dismiss  .     (no cloak)
rCorr  .         Reflect  .     (no gloves)
SustAt .         Harm     .     (no boots)
MR     .....                    (no amulet)
Stlth  ..........               (no ring)
                                s - ring of positive energy

@: not resistant to hostile enchantments, extremely unstealthy
A: negative energy resistance 1, electricity resistance, unbreathing,
petrification resistance, rot immunity, AC +4
a: Minor Destruction, Renounce Religion


You were on level 3 of the Dungeon.
You worshipped Makhleb.
Makhleb was pleased with you.
You were near starving.

You visited 1 branch of the dungeon, and saw 4 of its levels.

You collected 143 gold pieces.

Inventory:

Hand Weapons
 a - a +0 war axe (weapon)
 j - a cursed -3 dagger
Armour
 b - a +0 scale mail (worn)
 c - a +0 shield (worn)
 m - a +0 cloak
Jewellery
 s - a ring of positive energy (left hand)
Wands
 u - a wand of paralysis (12/24)
Scrolls
 d - a scroll of recharging {unknown}
 i - 2 scrolls of enchant weapon {unknown}
 k - 6 scrolls of identify {unknown}
 l - 2 scrolls of fog {unknown}
 n - 2 scrolls of enchant armour {unknown}
 q - 2 scrolls of teleportation {unknown}
 t - a scroll of immolation {unknown}
Potions
 e - 3 potions of flight {unknown}
 g - 2 potions of lignification {unknown}
 o - a potion of cure mutation {unknown}
 r - a potion of magic {unknown}
Comestibles
 f - 2 bread rations
 h - 2 meat rations
 p - a beef jerky


   Skills:
 + Level 4.0 Fighting
 + Level 2.7 Axes
 + Level 4.1 Armour
 - Level 1.4 Dodging
 - Level 0.5 Stealth
 + Level 4.7 Shields


You had 4 spell levels left.
You didn't know any spells.

Dungeon Overview and Level Annotations

Branches:
Dungeon (4/15)
 Temple: D:4-7

Altars:
Makhleb
The Shining One

Annotations:
D:3 mindo's ghost, amateur HESk
D:4 Eustachio


Innate Abilities, Weirdness & Mutations

You are resistant to torment.
Your stone body is resilient (AC +4).
You are immune to poison.
You resist negative energy.
You are resistant to electric shocks.
You can survive without breathing.
You are immune to petrification.
You are immune to rotting.


Message History

The orc priest is heavily wounded.
Your shield and scale mail prevent you from hitting the orc priest.
You hit the orc.
The orc is almost dead.
The orc closely misses you.
The orc priest miscasts a cantrip.
The orc priest mumbles some strange prayers to Beogh against you.
Pain shoots through your body!
* * * LOW HITPOINT WARNING * * *
You block the orc's attack. The orc priest closely misses you.
You closely miss the orc priest.
The orc priest is heavily wounded.
You slash the orc!
You kill the orc!
Makhleb accepts your kill.
You feel better.
You closely miss the orc priest. The orc priest hits you with a flail!
* * * LOW HITPOINT WARNING * * *
The orc hits you from afar with a trident.
You die...

......# #.....# #######
###### #.....#
#######....# #.....#
#######.....'....#
#.....#
......#.#####....#
#.....# #####.#
#........# # #####.#
#.##.....# ###+# #
....#.#.#.##.###.# ..(.
###.#.#.#.##.###@#######
#.###
....#.#.#.##.##)ooo.....
##....
....#.#.#.##'##.........
##.....
....#.#.#.#...#.........
#......
....#.#...'.............
#......
....#.#.#.#.............
#......
..........'....#+#######
#...... ......##..#....#
#...... ###..........#.#
#......


You could see 2 orc priests and an orc.

Vanquished Creatures
  An orc wizard (D:4)
  A worker ant (D:4)
  6 adders
  2 gnolls (D:2)
  3 dart slugs
  A giant gecko (D:2)
  11 orcs
  A ball python (D:3)
  6 bats
  4 giant cockroaches
  6 goblins
  5 hobgoblins
  8 kobolds
  4 quokkas (D:2)
  5 giant newts
  7 rats
71 creatures vanquished.

Notes
Turn   | Place    | Note
--------------------------------------------------------------
     0 | D:1      | Murtagy the Gargoyle Fighter began the quest for the Orb.
     0 | D:1      | Reached XP level 1. HP: 14/14 MP: 1/1
   139 | D:1      | Reached XP level 2. HP: 19/19 MP: 2/2
   737 | D:1      | Reached XP level 3. HP: 24/24 MP: 3/3
  1458 | D:2      | Reached XP level 4. HP: 22/29 MP: 4/4
  1819 | D:2      | Found a faded altar to an unknown god.
  1855 | D:2      | Became a worshipper of Makhleb the Destroyer
  1855 | D:2      | Reached * piety under Makhleb
  2020 | D:2      | Reached skill level 1 in Dodging
  2131 | D:2      | Found a glowing golden altar of the Shining One.
  2645 | D:3      | Reached XP level 5. HP: 29/33 MP: 5/5
  2736 | D:3      | Noticed mindo's ghost (amateur HESk)
  2979 | D:4      | Reached ** piety under Makhleb
  3181 | D:4      | Noticed an orc warrior
  3211 | D:4      | Noticed Eustachio
  3425 | D:4      | Noticed a hippogriff
  3719 | D:3      | HP: 1/33 [orc priest/flail (8)]
  3719 | D:3      | Slain by an orc

Skill      XL: |  1  2  3  4  5 |
---------------+----------------+-----
Axes           | 2 |  2.7
Shields        | 4 |  4.7
Dodging        | 1 |  1.4
Armour         | 4 |  4.1
Fighting       | 4 |  4.0
Stealth        | |  0.5

Action                   |  1- 3 |  4- 6 || total
-------------------------+-------+-------++-------
Melee: War axe           |   131 |   171 ||   302
  Use: Potion            |       |     1 ||     1
  Eat: Chunk             |     2 |     6 ||     8
Armor: Scale mail        |    75 |   133 ||   208
Dodge: Dodged            |    41 |    65 ||   106
Block: Shield            |    76 |   123 ||   199
